 Dungeon Crawl Stone Soup version 0.21-a0-278-ga722497 (webtiles) character file.

200 4thArraOfDagon the Firebug (level 6, -4/48 HPs)
             Began as a Human Wanderer on Sept 21, 2017.
             Was an Initiate of Yredelemnul.
             Slain by an iguana (8 damage)
             ... on level 4 of the Dungeon.
             The game lasted 00:08:26 (1458 turns).

4thArraOfDagon the Firebug (Human Wanderer)         Turns: 1458, Time: 00:08:27

Health: -4/48      AC:  3    Str: 13 (14) XL:     6   Next: 6%
Magic:  5/7        EV: 11    Int: 13 (14) God:    Yredelemnul [......]
Gold:   82         SH:  0    Dex: 10 (11) Spells: 6/7 levels left

rFire    + . .     SeeInvis .   g - +0 short sword
rCold    . . .     Gourm    .   (no shield)
rNeg     . . .     Faith    .   k - +0 robe
rPois    +         Spirit   .   r - +0 helmet
rElec    .         Reflect  .   (no cloak)
rCorr    .         Harm     .   (no gloves)
MR       .....                  (no boots)
Stlth    +.........             (no amulet)
HPRegen  0.16/turn              j - ring of protection from fire
MPRegen  0.10/turn              l - ring of poison resistance

@: no status effects
A: no striking features
a: Renounce Religion


You were on level 4 of the Dungeon.
You worshipped Yredelemnul.
Yredelemnul was noncommittal.
You were very hungry.

You visited 1 branch of the dungeon, and saw 5 of its levels.

You collected 82 gold pieces.

Inventory:

Hand Weapons
 e - a +0 club
 g - a +0 short sword (weapon)
Armour
 d - a +1 robe
 i - a +0 ring mail
 k - a +0 robe (worn)
 r - a +0 helmet (worn)
Jewellery
 j - a ring of protection from fire (left hand)
 l - a ring of poison resistance (right hand)
 q - an uncursed amulet of guardian spirit
Wands
 a - a wand of enslavement (24/24)
Scrolls
 m - 2 scrolls of recharging
 t - a scroll of amnesia {unknown}
Books
 b - the Collected Works on the Volcanoes

   Spells                             Type                      Level
   a - Flame Tongue                   Conjuration/Fire             1
   b - Conjure Flame                  Conjuration/Fire             3
Comestibles
 f - 2 bread rations
 h - 3 fruits
 n - a meat ration
 u - a chunk of flesh


   Skills:
 + Level 3.9 Fighting
 - Level 1.0 Stealth
 - Level 1.0 Spellcasting
 - Level 3.5 Conjurations
   Level 1.0 Necromancy
 - Level 4.0 Fire Magic
   Level 1.0 Poison Magic
 - Level 1.0 Evocations


You had 6 spell levels left.
You knew the following spells:

 Your Spells              Type           Power        Failure   Level  Hunger
a - Flame Tongue          Conj/Fire      ##...        6%          1    ##.....


Dungeon Overview and Level Annotations

Branches:
Dungeon (5/15)
 Temple: D:4-7

Altars:
Fedhas
Qazlal
Yredelemnul
The Shining One

Annotations:
D:3 Sigmund, Terence


Message History

The orc closely misses you.
An orc comes into view.
Unknown command.
The orc shouts!
A hound comes into view.
Unknown command.
An orc comes into view.
Unknown command.
Unknown command.
Unknown command.
Unknown command.
You aren't carrying any potions.
Okay, then.
Unknown command.
Unknown command.
As you read the scroll labeled ODECUE NEID, it crumbles to dust.
You feel as if something is helping you.
It was a scroll of remove curse.
The iguana bites you!
You die...
Your body rises from the dead as a mindless zombie.

########..####.##..## #.
#...............##..###.
#...............#8..8##.
######..†..............>..#.
##...##..##..####.###........
#....##..########.####8..8#..
#.........#..........##†.##..
#.........#............#.....
##...##...#.@..o...>...#.....
#....######l###...##..######.
#....##.)##o###...##..###.##.
#......o..ho......o........÷.
#......o........÷............
#............................
##...##........>....<........
.##...##..#####.##.###..##..##
......##..##.##.#### #..##..##


You could see an iguana, a hound, an orc wizard and 2 orcs.

Vanquished Creatures
  2 howler monkeys (D:4)
  A hound (D:4)
  A worker ant (D:4)
  4 adders
  A leopard gecko (D:2)
  4 orcs
  4 bats
  A giant cockroach (D:3)
  2 goblins
  A hobgoblin (D:2)
  A ball python skeleton (D:4)
  4 kobolds
  A leopard gecko skeleton (D:4)
  2 rats
29 creatures vanquished.

Notes
Turn   | Place    | Note
-------+----------+-------------------------------------------
     0 | D:1      | 4thArraOfDagon the Human Wanderer began the quest for the Orb.
     0 | D:1      | 4thArraOfDagon set off with: a wand of enslavement (15/24), the Collected Works on the Volcanoes, a potion of curing, a +0 robe, a +0 club, a bread ration
     0 | D:1      | Reached XP level 1. HP: 13/13 MP: 2/2
     0 | D:1      | Identified the Collected Works on the Volcanoes
     0 | D:1      | Thaneod: uciekales i uciekales
     0 | D:1      | 4thArraOfDagon: what a wanderful skills
     0 | D:1      | Thaneod: a glupia iguna:)
     2 | D:1      | Learned a level 1 spell: Flame Tongue
   217 | D:2      | Reached XP level 2. HP: 17/19 MP: 1/3
   283 | D:3      | Noticed Terence
   379 | D:2      | Found a glowing golden altar of the Shining One.
   814 | D:3      | Reached XP level 3. HP: 20/24 MP: 1/4
   853 | D:3      | Noticed Sigmund
   856 | D:3      | Found a blossoming altar of Fedhas.
   985 | D:4      | Found a basalt altar of Yredelemnul.
   986 | D:4      | Found a stormy altar of Qazlal.
   990 | D:4      | Became a worshipper of Yredelemnul the Dark
  1053 | D:5      | Entered Level 5 of the Dungeon
  1109 | D:4      | Reached XP level 4. HP: 29/30 MP: 1/5
  1178 | D:4      | Reached XP level 5. HP: 24/39 MP: 1/6
  1430 | D:4      | HP: 2/41 [howler monkey (3)]
  1433 | D:4      | Reached XP level 6. HP: 1/48 MP: 2/7
  1458 | D:4      | Slain by an iguana

Vault maps used:
D:1:      saegor_arrival_simple_a
D:2:      lemuel_statue_altar
D:3:      fedhas_altar_fruit_tree, uniq_terence, uniq_sigmund
D:4:      gammafunk_temple_overflow_statue, st_stairs_6,
          minmay_guarded_unrand_vampires_tooth
D:5:      first_bread, okawaru_ov_weapons_minmay

Skill      XL: |  1  2  3  4  5 |
---------------+----------------+-----
Conjurations   | 2 3 |  3.5
Fighting       | 2 3 |  3.9
Stealth        | |  1.0
Spellcasting   | |  1.0
Necromancy     | |  1.0
Fire Magic     | |  4.0
Poison Magic   | |  1.0
Evocations     | |  1.0

Action                   |  1- 3 |  4- 6 || total
-------------------------+-------+-------++-------
Melee: Short sword       |    31 |    11 ||    42
 Cast: Flame Tongue      |    27 |    26 ||    53
  Use: Scroll            |     2 |     2 ||     4
       Potion            |       |     3 ||     3
  Eat: Chunk             |     1 |     2 ||     3
Armor: Robe              |    13 |     8 ||    21
       Skin              |     2 |       ||     2
Dodge: Dodged            |    39 |    21 ||    60

Table legend:
 A = Spawn XP
 B = Non-spawn XP
 C = Spawn XP percentage of total XP
 D = Spawn monster count
 E = Non-spawn monster count
 F = Spawn count percentage of total count
 G = Total turns spent on level
                    A         B        C        D         E        F      G
               +---------+---------+-------+---------+---------+-------+---------
         Total |       0 |     286 |   0.0 |       0 |      29 |   0.0 |  1458
               +---------+---------+-------+---------+---------+-------+---------
           D:1 |       0 |       8 |   0.0 |       0 |       5 |   0.0 |   117
           D:2 |       0 |      11 |   0.0 |       0 |       6 |   0.0 |   510
           D:3 |       0 |      26 |   0.0 |       0 |       7 |   0.0 |   337
           D:4 |       0 |     227 |   0.0 |       0 |      10 |   0.0 |   440
           D:5 |       0 |      14 |   0.0 |       0 |       1 |   0.0 |    54
               +---------+---------+-------+---------+---------+-------+---------
